 Dungeon Crawl Stone Soup version 0.30-a0-743-gbfdf073431 (webtiles) character file.

Game seed: 10205816505309026110

705 MachoJfn the Chopper (level 7, -1/51 (52) HPs)
             Began as a Demonspawn Gladiator on Feb 6, 2023.
             Was a Priest of Kikubaaqudgha.
             Slain by a black bear (2 damage)
             ... on level 6 of the Dungeon.
             The game lasted 00:17:58 (4020 turns).

MachoJfn the Chopper (Demonspawn Gladiator)         Turns: 4020, Time: 00:17:58

HP:   -1/51 (52)    AC:  8    Str: 16    XL:     7   Next: 39%
MP:   8/9           EV: 12    Int: 12    God:    Kikubaaqudgha [***...]
Gold: 391           SH:  0    Dex: 14    Spells: 7/8 levels left

rFire   + . .      SeeInvis +    m - +3 broad axe (vamp)
rCold   . . .      Faith    .    (no shield)
rNeg    . . .      Spirit   .    b - +0 leather armour
rPois   +          Reflect  .    G - +2 helmet
rElec   .          Harm     .    (no cloak)
rCorr   .          Rampage  .    (no gloves)
Will    .....                    (no boots) Stlth
                                 z - amulet "Zaac" {rPois rF+ Regen+ Int+2 Stlth-}
HPRegen 1.08/turn                g - ring of flight
MPRegen 0.11/turn                u - ring of see invisible

@: flying, lightly drained
A: slimy green scales 1, demonic guardian 1, powered by death 1, demonic touch 2
a: Renounce Religion, Unearth Wretches


You were on level 6 of the Dungeon.
You worshipped Kikubaaqudgha.
Kikubaaqudgha was most pleased with you.
You visited 1 branch of the dungeon, and saw 6 of its levels.

You collected 391 gold pieces.

Inventory:

Hand Weapons
 m - a +3 vampiric broad axe (weapon)
Missiles
 d - 3 throwing nets (quivered)
 e - a javelin
 C - 2 datura-tipped darts
Armour
 b - a +0 leather armour (worn)
 G - a +2 helmet (worn)
Magical Staves
 s - a staff of air
Jewellery
 g - a ring of flight (left hand)
 u - a ring of see invisible (right hand)
 z - the amulet "Zaac" (around neck) {rPois rF+ Regen+ Int+2 Stlth-}
   (You found it on level 4 of the Dungeon)

   [amulet of regeneration]

   Int:       It affects your intelligence (+2).
   rF:        It protects you from fire.
   rPois:     It protects you from poison.
   Regen:     It increases your rate of health regeneration.
   Stlth:     It makes you less stealthy.
Wands
 p - a wand of mindburst (33)
Scrolls
 a - 5 scrolls of teleportation
 f - 7 scrolls of identify
 h - a scroll of brand weapon {unknown}
 j - a scroll of enchant armour {unknown}
 k - 2 scrolls of magic mapping {unknown}
 l - a scroll of fog {unknown}
 o - 2 scrolls of immolation {unknown}
 v - 3 scrolls of vulnerability {unknown}
 w - a scroll of enchant weapon {unknown}
 y - a scroll of silence {unknown}
 B - a scroll of blinking {unknown}
 E - 2 scrolls of noise {unknown}
Potions
 i - a potion of magic {unknown}
 n - a potion of brilliance {unknown}
 q - 3 potions of haste
 r - 2 potions of curing {unknown}
 t - a potion of ambrosia {unknown}
 x - a potion of attraction {unknown}
 A - 2 potions of heal wounds {unknown}
 D - 2 potions of mutation {unknown}
 F - 2 potions of degeneration {unknown}


   Skills:
 + Level 3.6 Fighting
 + Level 5.9 Axes
 + Level 1.8 Throwing
 + Level 2.3 Armour
 + Level 3.5 Dodging
 + Level 0.6 Stealth
 + Level 1.3 Spellcasting
 + Level 1.6 Necromancy


You had 7 spell levels left.
You knew the following spells:

 Your Spells              Type           Power      Damage    Failure   Level
a - Necrotise             Necr           16%        1d4       17%         1

Your spell library contained the following spells:

 Spells                   Type           Power      Damage    Failure   Level
 Sublimation of Blood     Necr           4%         N/A       26%         2
 Shock                    Conj/Air       0%         1d3       34%         1
 Cigotuvi's Dreadful Rot  Necr/Pois/Air  4%         N/A       38%         2
 Vampiric Draining        Necr           4%         2d6       45%         3
 Ozocubu's Armour         Ice            0%         N/A       71%         3
 Summon Guardian Golem    Hex/Summ       0%         N/A       71%         3
 Swiftness                Air            0%         N/A       71%         3
 Anguish                  Hex/Necr       1%         N/A       94%         4
 Airstrike                Air            0%         2d(0-16)  98%         4
 Agony                    Necr           4%         N/A       99%         5
 Blade Hands              Tmut           0%         N/A       100%        5
 Irradiate                Conj/Tmut      0%         3d11      100%        5
 Death Channel            Necr           2%         N/A       100%        6
 Simulacrum               Ice/Necr       1%         N/A       100%        6
 Dragon Form              Tmut           0%         N/A       100%        7
 Orb of Destruction       Conj           0%         9d5       100%        7
 Ozocubu's Refrigeration  Ice            0%         4d7       100%        7
 Spellforged Servitor     Conj/Summ      0%         N/A       100%        7


Dungeon Overview and Level Annotations

Branches:
Dungeon (6/15)             Temple (0/1) D:5

Altars:
Gozag
Kikubaaqudgha
Nemelex Xobeh
Qazlal
Ru

Shops:
D:4 (


Innate Abilities, Weirdness & Mutations

You are partially covered in slimy green scales. (AC +2)
A weak demonic guardian rushes to your aid.
You regenerate a little health from kills.
Your touch may inflict irresistible damage on your foes.


Message History

Your ufetubus barely misses the wight.
Your ufetubus hits the wight.
Your ufetubus barely misses the wight.
The black bear bites you but does no damage.
The black bear closely misses you.
The black bear claws you but does no damage.
The wight hits you from afar with a +3 spear!
* * * LOW HITPOINT WARNING * * *
You feel drained. The wight closely misses your ufetubus.
You completely miss the black bear.
The black bear is lightly wounded.
You slash the wight!
You destroy the wight!
Kikubaaqudgha accepts your kill. The black bear closely misses you.
The black bear claws you but does no damage.
The black bear misses you. The wight hits you but does no damage.
Your life force feels restored.
You slash the black bear!
You feel better.
The black bear is heavily wounded.
Your ufetubus closely misses the black bear.
Your ufetubus hits the black bear. The black bear barely misses you.
The black bear claws you.
The black bear claws you but does no damage.
The wight hits you from afar with a +3 spear!
* * * LOW HITPOINT WARNING * * *
Your ufetubus hits the black bear. Your ufetubus misses the black bear.
The wight hits you from afar with a +3 spear!
* * * LOW HITPOINT WARNING * * *
You feel drained.
* * * LOW HITPOINT WARNING * * *
The black bear bites your ufetubus. The black bear claws your ufetubus.
Your ufetubus dies!
Your ufetubus disappears in a puff of smoke!
The black bear growls angrily.
The black bear attacks as you move away!
The black bear bites you.
* * * LOW HITPOINT WARNING * * *
The black bear claws you.
You die...
Kikubaaqudgha rasps: "You have failed me!
Welcome... death!"

######...##
#...#)###.######
#.....# #......#
#...#.###.######
#.#######.###...##
..........# ##.##
#.#####.### #.#
#.## #.# #)@# #.#
#.)§h.# ###
...##z##... ..###
.S. ##.. .#?. .#
#. . .. ## ##


You could see a black bear, a wight and an adder.

Vanquished Creatures
  A black bear (D:6)
  A necrophage (D:5)
  2 wights (D:6)
  A hound (D:4)
  An orc priest (D:6)
  A gnoll bouda (D:4)
  3 iguanas
  An orc wizard (D:6)
  7 gnolls (D:4)
  8 adders
  An ufetubus (D:4)
  A worm (D:3)
  7 dart slugs
  15 orcs
  10 ball pythons
  4 bats
  6 endoplasms
  3 giant cockroaches
  6 goblins
  6 hobgoblins
  9 kobolds
  6 quokkas
  5 frilled lizards
  5 rats (D:1)
110 creatures vanquished.

Notes
Turn   | Place    | Note
-------+----------+-------------------------------------------
     0 | D:1      | MachoJfn the Demonspawn Gladiator began the quest for the
                  | Orb.
     0 | D:1      | Reached XP level 1. HP: 16/16 MP: 1/1
   133 | D:1      | Gained mutation: Your touch may inflict minor irresistible
                  | damage on your foes. [demonic ancestry]
   133 | D:1      | Reached XP level 2. HP: 22/22 MP: 2/2
   193 | D:1      | Reached skill level 3 in Axes
   287 | D:1      | Gained mutation: Your touch may inflict irresistible damage
                  | on your foes. [demonic ancestry]
   287 | D:1      | Reached XP level 3. HP: 28/28 MP: 3/3
   484 | D:1      | You are sucked into a shaft and drop 1 floor!
   671 | D:2      | Found a faded altar of an unknown god.
   748 | D:2      | Prayed at the altar of an unknown god.
   748 | D:2      | Became a worshipper of Kikubaaqudgha
   748 | D:2      | Reached * piety under Kikubaaqudgha
   748 | D:2      | Received a gift from Kikubaaqudgha
   844 | D:2      | Reached skill level 1 in Armour
   844 | D:2      | Reached XP level 4. HP: 32/34 MP: 4/4
   875 | D:1      | Identified a scroll of acquirement
   876 | D:1      | Acquired a +3 vampiric broad axe
  1588 | D:3      | Learned a level 1 spell: Necrotise
  1701 | D:3      | Found a sparkling altar of Nemelex Xobeh.
  1704 | D:3      | Found an opulent altar of Gozag.
  1705 | D:3      | Found a sacrificial altar of Ru.
  1888 | D:3      | Reached skill level 4 in Axes
  2275 | D:4      | Identified the amulet "Zaac" {rPois rF+ Regen+ Int+2
                  | Stlth-}
  2296 | D:4      | Reached ** piety under Kikubaaqudgha
  2401 | D:4      | Gained mutation: You are partially covered in slimy green
                  | scales. (AC +2) [demonic ancestry]
  2401 | D:4      | Reached XP level 5. HP: 39/39 MP: 5/5
  2422 | D:4      | Gained mutation: A weak demonic guardian rushes to your
                  | aid. [demonic ancestry]
  2422 | D:4      | Reached XP level 6. HP: 47/47 MP: 5/7
  2534 | D:4      | Reached skill level 5 in Axes
  2593 | D:4      | Found a stormy altar of Qazlal.
  2802 | D:4      | Found Deskuz's Antique Weapon Shoppe.
  2940 | D:5      | Entered Level 5 of the Dungeon
  3785 | D:5      | Found a staircase to the Ecumenical Temple.
  3889 | D:6      | HP: 2/47 [black bear (3)]
  3891 | D:6      | Reached skill level 1 in Spellcasting
  3891 | D:6      | Reached skill level 1 in Necromancy
  3891 | D:6      | Gained mutation: You regenerate a little health from kills.
                  | [demonic ancestry]
  3891 | D:6      | Reached XP level 7. HP: 4/52 MP: 2/8
  4015 | D:6      | Reached *** piety under Kikubaaqudgha
  4015 | D:6      | Received a gift from Kikubaaqudgha
  4020 | D:6      | HP: 1/51 [black bear (2)]
  4020 | D:6      | Slain by a black bear

Illustrated notes

Levels and vault maps discovered:
D:1:      minmay_arrival_four_loops, layout_basic, st_stairs_9
D:2:      layout_basic, hellmonk_ecumenical_altar_crossroads
D:3:      layout_rooms, grunt_temple_overflow_open, columned_hall_lemuel,
          minivault_27
D:4:      layout_basic, nicolae_qazlal_eye_of_the_storm, serial_shops,
          nicolae_square_shop, minmay_starry_boxes
D:5:      layout_basic, temple_hall
D:6:      wad_crossroads, layout_loops_ring,
          nicolae_wu_jian_immortal_techniques, uniq_sigmund, uniq_pikel,
          uniq_crazy_yiuf_cottage

Skill      XL: |  1  2  3  4  5  6 |
---------------+-------------------+-----
Axes           | 3 4 5 |  5.9
Dodging        | 3 |  3.5
Armour         | 1 2 |  2.3
Fighting       | 3 |  3.6
Spellcasting   | 1 |  1.3
Necromancy     | 1 |  1.6
Throwing       | |  1.8
Stealth        | |  0.6

Action                     |  1- 3 |  4- 6 |  7- 9 || total
---------------------------+-------+-------+-------++-------
  Melee: War axe           |    88 |     1 |       ||    89
         Touch             |    11 |    14 |     2 ||    27
         Broad axe         |       |   121 |     9 ||   130
   Cast: Necrotise         |       |    10 |       ||    10
    Use: Scroll            |       |     4 |       ||     4
 Armour: Leather armour    |    40 |    60 |     9 ||   109
  Dodge: Dodged            |    62 |   137 |    15 ||   214

Table legend: (Time is in decaauts)
 A = Elapsed time spent in this place.
 B = Non-inter-level travel time spent in this place.
 C = Inter-level travel time spent in this place.
 D = Time resting spent in this place.
 E = Time spent auto-exploring this place.
 F = Levels seen in this place.
 G = Mean time per level.
                   A        B        C        D        E       F      G
               +--------+--------+--------+--------+--------+-----+--------+
         Total |   4097 |   3096 |   1001 |    137 |   2223 |   6 |  682.8 |
       Dungeon |   4097 |   3096 |   1001 |    137 |   2223 |   6 |  682.8 |
               +--------+--------+--------+--------+--------+-----+--------+

Top non-repeatable levels by time:
     D:5: 931 daAuts
     D:2: 846 daAuts
     D:4: 831 daAuts
     D:1: 768 daAuts
     D:3: 561 daAuts
     D:6: 158 daAuts
